TOP OF THE 1ST |
Pittsburgh Panthers batting - Pitching for Baylor Bears : LHP Travis Slaughter
|
Pitching: LHP Travis Slaughter
|
|
Batting: RHB Ron Johnson
|
0-0: Reached on error, E5 (Groundball, 5)
|
Batting: RHB Martín Camacho
|
0-0: Swinging Strike 0-1: Ball 1-1: Ball 2-1: Called Strike Ron Johnson steals 2nd base 2-2: Ball 3-2: Base on Balls
|
Batting: RHB Ismael Ortíz
|
0-0: SINGLE (Line Drive, 7S) Ron Johnson to third Martín Camacho to second
|
Batting: RHB Pete Woods
|
0-0: SINGLE (Line Drive, 89S) Ron Johnson scores Martín Camacho to third Ismael Ortíz to second
|
Batting: LHB Alonso Carbajal
|
0-0: Fly out, F7 (Flyball, 7LSF) Runner from 3rd tags up, SCORES, no throw
|
Batting: RHB Phil Ford
|
0-0: Ball 1-0: Ball 2-0: Ball 3-0: Base on Balls Ismael Ortíz to third Pete Woods to second
|
Batting: LHB Brandon Davis
|
0-0: Called Strike 0-1: Ball 1-1: Ball 2-1: Ball 3-1: Fielders Choice at 2nd, 6-4 (Groundball, 6) Ismael Ortíz scores Pete Woods to third
|
Batting: RHB Henry Cahill
|
0-0: SINGLE (Groundball, 56S) (infield hit) Pete Woods scores Brandon Davis to second
|
Batting: LHB Mike Hanson
|
0-0: Ball 1-0: Ball 2-0: Ball 3-0: Called Strike 3-1: Foul Ball, location: 2F 3-2: Foul Ball, location: 2F 3-2: Base on Balls Brandon Davis to third Henry Cahill to second
|
Batting: RHB Ron Johnson
|
0-0: Called Strike 0-1: SINGLE (Flyball, 4D) Brandon Davis scores Henry Cahill to third Mike Hanson to second
|
Batting: RHB Martín Camacho
|
0-0: Ball 1-0: Ball 2-0: Foul Ball, location: 2F 2-1: Foul Ball, location: 2F 2-2: Strikes out swinging
|
Top of the 1st over - 5 run(s), 4 hit(s), 1 error(s), 3 left on base; Pittsburgh 5 - Baylor 0 |
BOTTOM OF THE 1ST |
Baylor Bears batting - Pitching for Pittsburgh Panthers : LHP Derrick Carter
|
Pitching: LHP Derrick Carter
|
|
Batting: SHB Rob Lowe
|
0-0: Called Strike 0-1: Ball 1-1: Fly out, F6 (Line Drive, 6)
|
Batting: LHB Jeff Sellers
|
0-0: Called Strike 0-1: Foul Ball, location: 2F 0-2: Ball 1-2: SINGLE (Groundball, 6S) (infield hit)
|
Batting: RHB Patrick Love
|
0-0: Ball 1-0: SINGLE (Line Drive, 6D) Jeff Sellers to second
|
Batting: RHB Dave Coleman
|
0-0: Foul Ball, location: 2F 0-1: Swinging Strike 0-2: 3-RUN HOME RUN (Flyball, 7D), Distance : 344 ft
|
Batting: RHB Bill Ward
|
0-0: Ball 1-0: Foul Ball, location: 2F 1-1: Ball 2-1: Ball 3-1: Foul Ball, location: 2F 3-2: Foul Ball, location: 2F 3-2: Strikes out swinging
|
Batting: RHB Deron Simmons
|
0-0: Ball 1-0: Foul Ball, location: 2F 1-1: Foul Ball, location: 2F 1-2: Foul Ball, location: 2F 1-2: Foul Ball, location: 2F 1-2: Strikes out looking
|
Bottom of the 1st over - 3 run(s), 3 hit(s), 0 error(s), 0 left on base; Pittsburgh 5 - Baylor 3 |
TOP OF THE 2ND |
Pittsburgh Panthers batting - Pitching for Baylor Bears : LHP Travis Slaughter
|
Batting: RHB Ismael Ortíz
|
0-0: Ball 1-0: Foul Ball, location: 2F 1-1: Called Strike 1-2: Foul Ball, location: 2F 1-2: Ball 2-2: Strikes out looking
|
Batting: RHB Pete Woods
|
0-0: Ball 1-0: Swinging Strike 1-1: Ball 2-1: Ground out 4-3 (Groundball, 4M)
|
Batting: LHB Alonso Carbajal
|
0-0: Ball 1-0: Ball 2-0: Foul Ball, location: 2F 2-1: Foul Ball, location: 2F 2-2: Foul Ball, location: 2F 2-2: Ball 3-2: Foul Ball, location: 2F 3-2: Foul Ball, location: 2F 3-2: Base on Balls
|
Batting: RHB Phil Ford
|
0-0: Ball 1-0: Ball 2-0: Called Strike 2-1: Fly out, F7 (Line Drive, 7)
|
Top of the 2nd over - 0 run(s), 0 hit(s), 0 error(s), 1 left on base; Pittsburgh 5 - Baylor 3 |
BOTTOM OF THE 2ND |
Baylor Bears batting - Pitching for Pittsburgh Panthers : LHP Derrick Carter
|
Batting: LHB Robert Hardin
|
0-0: Fly out, F7 (Flyball, 7LS)
|
Batting: RHB Tim Church
|
0-0: Ground out 1-3 (Groundball, P)
|
Batting: LHB Allen Hall
|
0-0: Called Strike 0-1: Ball 1-1: Ground out 6-3 (Groundball, 6MS)
|
Bottom of the 2nd over - 0 run(s), 0 hit(s), 0 error(s), 0 left on base; Pittsburgh 5 - Baylor 3 |
TOP OF THE 3RD |
Pittsburgh Panthers batting - Pitching for Baylor Bears : LHP Travis Slaughter
|
Batting: LHB Brandon Davis
|
0-0: Called Strike 0-1: Ball 1-1: Foul Ball, location: 2F 1-2: Ground out U3 (Groundball, 34)
|
Batting: RHB Henry Cahill
|
0-0: Ball 1-0: Ball 2-0: SINGLE (Groundball, 4MD)
|
Batting: LHB Mike Hanson
|
0-0: Called Strike 0-1: Ball 1-1: Called Strike 1-2: Ball 2-2: Ball 3-2: Base on Balls Henry Cahill to second
|
Batting: RHB Ron Johnson
|
0-0: Ball 1-0: Ball 2-0: Ball 3-0: Called Strike 3-1: Base on Balls Henry Cahill to third Mike Hanson to second
|
Batting: RHB Martín Camacho
|
0-0: Foul Ball, location: 2F 0-1: Grounds into double play, 6-4-3 (Groundball, 6)
|
Top of the 3rd over - 0 run(s), 1 hit(s), 0 error(s), 2 left on base; Pittsburgh 5 - Baylor 3 |
BOTTOM OF THE 3RD |
Baylor Bears batting - Pitching for Pittsburgh Panthers : LHP Derrick Carter
|
Batting: SHB Rob Lowe
|
0-0: Ball 1-0: Fly out, F8 (Flyball, 8LD)
|
Batting: LHB Jeff Sellers
|
0-0: Fly out, F5 (Line Drive, 56)
|
Batting: RHB Patrick Love
|
0-0: Called Strike 0-1: Swinging Strike 0-2: Ball 1-2: Foul Ball, location: 2F 1-2: Fly out, F8 (Flyball, 8RM)
|
Bottom of the 3rd over - 0 run(s), 0 hit(s), 0 error(s), 0 left on base; Pittsburgh 5 - Baylor 3 |
TOP OF THE 4TH |
Pittsburgh Panthers batting - Pitching for Baylor Bears : LHP Travis Slaughter
|
Batting: RHB Ismael Ortíz
|
0-0: Fly out, F3 (Popup, 3)
|
Batting: RHB Pete Woods
|
0-0: Ball 1-0: Called Strike 1-1: Foul Ball, location: 2F 1-2: Foul Ball, location: 2F 1-2: Foul Ball, location: 2F 1-2: Strikes out swinging
|
Batting: LHB Alonso Carbajal
|
0-0: Ball 1-0: Ball 2-0: Called Strike 2-1: Foul Ball, location: 2F 2-2: Ball 3-2: SINGLE (Groundball, 6M) (infield hit)
|
Pitching: RHP Fred Wheeler
|
|
Batting: RHB Phil Ford
|
0-0: Called Strike 0-1: Swinging Strike 0-2: Ball 1-2: Fly out, F6 (Popup, 6)
|
Top of the 4th over - 0 run(s), 1 hit(s), 0 error(s), 1 left on base; Pittsburgh 5 - Baylor 3 |
BOTTOM OF THE 4TH |
Baylor Bears batting - Pitching for Pittsburgh Panthers : LHP Derrick Carter
|
Batting: RHB Dave Coleman
|
0-0: Ball 1-0: Ball 2-0: Called Strike 2-1: SINGLE (Groundball, 34D)
|
Batting: RHB Bill Ward
|
0-0: Ball 1-0: Ball 2-0: Called Strike 2-1: Called Strike 2-2: Ball 3-2: Base on Balls Dave Coleman to second
|
Batting: RHB Deron Simmons
|
0-0: Foul Ball, location: 2F 0-1: SINGLE (Flyball, 89S) Dave Coleman to third Bill Ward to second
|
Batting: LHB Robert Hardin
|
0-0: Ball 1-0: Ball 2-0: Ball 3-0: Base on Balls Dave Coleman scores Bill Ward to third Deron Simmons to second
|
Batting: RHB Tim Church
|
0-0: Ball 1-0: Called Strike 1-1: Reached on error, E5 (Groundball, 5) Bill Ward scores Deron Simmons to third Robert Hardin to second
|
Batting: LHB Allen Hall
|
0-0: Called Strike 0-1: Fly out, F9 (Flyball, 9) Runner from 3rd tags up, OUT at HOME Robert Hardin to third Tim Church to second
|
Batting: SHB Rob Lowe
|
0-0: Ball 1-0: Ball 2-0: SINGLE (Line Drive, 6D) Robert Hardin scores Tim Church to third Runner from 3rd tries for Home, SAFE, throw made home Rob Lowe to second
|
Pitching: LHP Harry Gordon
|
|
Batting: LHB Jeff Sellers
|
0-0: Ball 1-0: Ball 2-0: Swinging Strike 2-1: Swinging Strike 2-2: Ball 3-2: Base on Balls
|
Batting: RHB Patrick Love
|
0-0: Fly out, F6 (Line Drive, 6)
|
Bottom of the 4th over - 4 run(s), 3 hit(s), 1 error(s), 2 left on base; Pittsburgh 5 - Baylor 7 |
TOP OF THE 5TH |
Pittsburgh Panthers batting - Pitching for Baylor Bears : RHP Fred Wheeler
|
Batting: LHB Brandon Davis
|
0-0: Ball 1-0: Ball 2-0: Fly out, F7 (Flyball, 7LS)
|
Batting: RHB Henry Cahill
|
0-0: Ball 1-0: Called Strike 1-1: Foul Ball, location: 2F 1-2: Foul Ball, location: 2F 1-2: SINGLE (Line Drive, 56D)
|
Batting: LHB Mike Hanson
|
0-0: Swinging Strike 0-1: Called Strike 0-2: Ball Wild Pitch! Henry Cahill to second 1-2: Ball 2-2: Ball 3-2: Base on Balls
|
Batting: RHB Ron Johnson
|
0-0: Ball 1-0: Foul Ball, location: 2F 1-1: Ball 2-1: Called Strike 2-2: Foul Ball, location: 2F 2-2: Strikes out swinging
|
Batting: RHB Martín Camacho
|
0-0: Called Strike 0-1: Ball 1-1: Ball 2-1: Called Strike 2-2: Ball 3-2: Foul Ball, location: 2F 3-2: Reached on error, E9 (Flyball, 89S) Henry Cahill scores Mike Hanson to third
|
Batting: RHB Ismael Ortíz
|
0-0: Ball 1-0: Foul Ball, location: 2F 1-1: Foul Ball, location: 2F 1-2: Ball 2-2: Ball 3-2: SINGLE (Flyball, 9LS) Mike Hanson scores Martín Camacho to third Martín Camacho scores
|
Batting: RHB Pete Woods
|
0-0: Called Strike 0-1: Ball 1-1: Foul Ball, location: 2F 1-2: Strikes out swinging
|
Top of the 5th over - 3 run(s), 2 hit(s), 1 error(s), 1 left on base; Pittsburgh 8 - Baylor 7 |
BOTTOM OF THE 5TH |
Baylor Bears batting - Pitching for Pittsburgh Panthers : LHP Harry Gordon
|
Batting: RHB Dave Coleman
|
0-0: Ball 1-0: Foul Ball, location: 2F 1-1: Ball 2-1: Foul Ball, location: 2F 2-2: Hit by Pitch
|
Batting: RHB Bill Ward
|
0-0: Foul Ball, location: 2F 0-1: Called Strike 0-2: Ball 1-2: Ball 2-2: SINGLE (Flyball, 7S) Dave Coleman to second
|
Batting: RHB Deron Simmons
|
0-0: Ball 1-0: Ball 2-0: Called Strike 2-1: Fly out, F6 (Popup, 6)
|
Batting: LHB Robert Hardin
|
0-0: Called Strike 0-1: Ball 1-1: Swinging Strike 1-2: Ball 2-2: Strikes out swinging
|
Batting: RHB Tim Church
|
0-0: Ball 1-0: Ball 2-0: Called Strike 2-1: Called Strike 2-2: Strikes out swinging
|
Bottom of the 5th over - 0 run(s), 1 hit(s), 0 error(s), 2 left on base; Pittsburgh 8 - Baylor 7 |
TOP OF THE 6TH |
Pittsburgh Panthers batting - Pitching for Baylor Bears : RHP Fred Wheeler
|
Pitching: RHP Randy Ball
|
|
Batting: LHB Alonso Carbajal
|
0-0: Called Strike 0-1: Fly out, F7 (Flyball, 7LMF)
|
Batting: RHB Phil Ford
|
0-0: Ball 1-0: Ball 2-0: Ball 3-0: Called Strike 3-1: Base on Balls
|
Batting: LHB Brandon Davis
|
0-0: Ball 1-0: SINGLE (Groundball, 4MD) Phil Ford to second Runner from 2nd tries for 3rd, SAFE, throw made to third
|
Batting: RHB Henry Cahill
|
0-0: Ball 1-0: Foul Ball, location: 2F 1-1: Called Strike 1-2: Foul Ball, location: 2F 1-2: Ball 2-2: Strikes out looking
|
Batting: LHB Mike Hanson
|
0-0: Fielders Choice at 2nd, 4-6 (Groundball, 4D)
|
Top of the 6th over - 0 run(s), 1 hit(s), 0 error(s), 1 left on base; Pittsburgh 8 - Baylor 7 |
BOTTOM OF THE 6TH |
Baylor Bears batting - Pitching for Pittsburgh Panthers : LHP Harry Gordon
|
Batting: LHB Allen Hall
|
0-0: Called Strike 0-1: Foul Ball, location: 2F 0-2: SINGLE (Line Drive, 6D)
|
Batting: SHB Rob Lowe
|
0-0: Called Strike 0-1: Ball 1-1: Ball 2-1: Foul Ball, location: 2F 2-2: Fly out, F4 (Line Drive, 4M)
|
Batting: LHB Jeff Sellers
|
0-0: DOUBLE (Line Drive, 78M) Allen Hall to third
|
Batting: RHB Patrick Love
|
0-0: Ball 1-0: Fly out, F8 (Line Drive, 8LM)
|
Batting: RHB Dave Coleman
|
0-0: Called Strike 0-1: Foul Ball, location: 2F 0-2: Ball 1-2: Foul Ball, location: 2F 1-2: Ball 2-2: Ball 3-2: Foul Ball, location: 2F 3-2: Base on Balls
|
Batting: RHB Bill Ward
|
0-0: Ball 1-0: Fly out, F7 (Flyball, 7S)
|
Bottom of the 6th over - 0 run(s), 2 hit(s), 0 error(s), 3 left on base; Pittsburgh 8 - Baylor 7 |
TOP OF THE 7TH |
Pittsburgh Panthers batting - Pitching for Baylor Bears : RHP Randy Ball
|
Batting: RHB Ron Johnson
|
0-0: Foul Ball, location: 2F 0-1: Ball 1-1: Swinging Strike 1-2: Strikes out swinging
|
Batting: RHB Martín Camacho
|
0-0: Ball 1-0: Ball 2-0: Called Strike 2-1: Ball 3-1: Fly out, F8 (Flyball, 8LS)
|
Batting: RHB Ismael Ortíz
|
0-0: Called Strike 0-1: Ball 1-1: Foul Ball, location: 2F 1-2: Foul Ball, location: 2F 1-2: Fly out, F7 (Flyball, 7)
|
Top of the 7th over - 0 run(s), 0 hit(s), 0 error(s), 0 left on base; Pittsburgh 8 - Baylor 7 |
BOTTOM OF THE 7TH |
Baylor Bears batting - Pitching for Pittsburgh Panthers : LHP Harry Gordon
|
Pitching: LHP Bill York
|
|
Batting: RHB Deron Simmons
|
0-0: Called Strike 0-1: Ball 1-1: Ball 2-1: Swinging Strike 2-2: Strikes out swinging
|
Batting: LHB Robert Hardin
|
0-0: Called Strike 0-1: Ball 1-1: Ground out 3-1 (Groundball, 34S)
|
Batting: RHB Tim Church
|
0-0: Ball 1-0: Ground out 6-3 (Groundball, 6D)
|
Bottom of the 7th over - 0 run(s), 0 hit(s), 0 error(s), 0 left on base; Pittsburgh 8 - Baylor 7 |
TOP OF THE 8TH |
Pittsburgh Panthers batting - Pitching for Baylor Bears : RHP Randy Ball
|
Pitching: RHP Joseph Ryan
|
|
Batting: RHB Pete Woods
|
0-0: Called Strike 0-1: Ball 1-1: Ball 2-1: Called Strike 2-2: Strikes out swinging
|
Batting: LHB Alonso Carbajal
|
0-0: SINGLE (Groundball, 56) (infield hit)
|
Batting: RHB Phil Ford
|
0-0: Ball 1-0: Called Strike 1-1: Called Strike 1-2: Strikes out swinging
|
Pinch Hitting: SHB Tim Mullen
|
0-0: Ball 1-0: Swinging Strike 1-1: Ball 2-1: Ball 3-1: Base on Balls Alonso Carbajal to second
|
Batting: RHB Henry Cahill
|
0-0: Called Strike 0-1: Ball 1-1: SINGLE (Line Drive, 4D) Alonso Carbajal to third Tim Mullen to second Runner from 3rd tries for Home, SAFE, no throw
|
Batting: LHB Mike Hanson
|
0-0: Called Strike 0-1: Ground out U3 (Groundball, 3)
|
Top of the 8th over - 1 run(s), 2 hit(s), 0 error(s), 2 left on base; Pittsburgh 9 - Baylor 7 |
BOTTOM OF THE 8TH |
Baylor Bears batting - Pitching for Pittsburgh Panthers : LHP Bill York
|
Now in RF: Tim Mullen
|
|
Batting: LHB Allen Hall
|
0-0: Fly out, F7 (Flyball, 7S)
|
Batting: SHB Rob Lowe
|
0-0: Swinging Strike 0-1: Foul Ball, location: 2F 0-2: Ball 1-2: Ball 2-2: Strikes out swinging
|
Batting: LHB Jeff Sellers
|
0-0: Ball 1-0: Fly out, F9 (Flyball, 9LM)
|
Bottom of the 8th over - 0 run(s), 0 hit(s), 0 error(s), 0 left on base; Pittsburgh 9 - Baylor 7 |
TOP OF THE 9TH |
Pittsburgh Panthers batting - Pitching for Baylor Bears : RHP Joseph Ryan
|
Pitching: RHP Steve Parsons
|
|
Batting: RHB Ron Johnson
|
0-0: Ground out 5-3 (Groundball, 5)
|
Batting: RHB Martín Camacho
|
0-0: Ball 1-0: Swinging Strike 1-1: Ball 2-1: Ball 3-1: Foul Ball, location: 2F 3-2: Foul Ball, location: 2F 3-2: Base on Balls
|
Batting: RHB Ismael Ortíz
|
0-0: Called Strike 0-1: Ball 1-1: Called Strike 1-2: Fly out, F3 (Popup, 3L)
|
Batting: RHB Pete Woods
|
0-0: Called Strike 0-1: Ball 1-1: Ball 2-1: Ball 3-1: Base on Balls Martín Camacho to second
|
Batting: LHB Alonso Carbajal
|
0-0: Swinging Strike 0-1: Ball 1-1: Called Strike 1-2: Foul Ball, location: 2F 1-2: Ball 2-2: Strikes out swinging
|
Top of the 9th over - 0 run(s), 0 hit(s), 0 error(s), 2 left on base; Pittsburgh 9 - Baylor 7 |
BOTTOM OF THE 9TH |
Baylor Bears batting - Pitching for Pittsburgh Panthers : LHP Bill York
|
Pitching: RHP Dave Andrews
|
|
Batting: RHB Patrick Love
|
0-0: Ball 1-0: Ground out 6-3 (Groundball, 6M)
|
Batting: RHB Dave Coleman
|
0-0: Ball 1-0: Fly out, F6 (Line Drive, 6)
|
Batting: RHB Bill Ward
|
0-0: Ball 1-0: Ball 2-0: Ball 3-0: Called Strike 3-1: Foul Ball, location: 2F 3-2: Base on Balls
|
Pinch Hitting: LHB Sergio García
|
0-0: Called Strike 0-1: Called Strike 0-2: Ball 1-2: Ball 2-2: Strikes out swinging
|
Bottom of the 9th over - 0 run(s), 0 hit(s), 0 error(s), 1 left on base; Pittsburgh 9 - Baylor 7 |
|